 Dungeon Crawl Stone Soup version 0.29-a0-380-gf50f0a9fbc (webtiles) character file.

Game seed: 6766902404082342867

105 freelancePsychic the Digger (level 4, -2/27 HPs)
             Began as an Octopode Earth Elementalist on May 6, 2022.
             Was an Initiate of Gozag.
             Slain by a wight
             ... wielding a +0 scimitar
              (18 damage)
             ... on level 4 of the Dungeon.
             The game lasted 00:10:18 (3648 turns).

freelancePsychic the Digger (OpEE)                  Turns: 3648, Time: 00:10:18

Health: -2/27      AC:  1    Str: 10    XL:     4   Next: 81%
Magic:  4/8        EV: 13    Int: 19    God:    Gozag
Gold:   406        SH:  5    Dex: 17    Spells: 4/9 levels left

rFire   . . .      SeeInvis .   m - +5 whip of Tumult {freeze, Will+ rCorr Str+3 Dex+5}
rCold   . . .      Faith    .   (no shield)
rNeg    . . .      Spirit   .   (helmet restricted)
rPois   .          Reflect  +   t - amulet of reflection
rElec   .          Harm     .   (no ring)
rCorr   +          Rampage  .   (no ring)
Will    +....                   (no ring)
Stlth   +++.......              (no ring)
HPRegen 0.09/turn               (no ring)
MPRegen 0.11/turn               (no ring)
                                (no ring)
                                (no ring)

@: no status effects
A: almost no armour, amphibious, 8 rings, camouflage 1, gelatinous body 1,
(nimble swimmer 1), tentacles
a: Renounce Religion, Potion Petition, Call Merchant, Bribe Branch


You were on level 4 of the Dungeon.
You worshipped Gozag.
Gozag was aware of your devotion.
You visited 1 branch of the dungeon, and saw 5 of its levels.

You collected 443 gold pieces.
You paid 37 gold pieces to Gozag.

Inventory:

Hand Weapons
 c - a +0 mace
 g - a +1 dagger of venom
 m - the +5 whip of Tumult (weapon) {freeze, Will+ rCorr Str+3 Dex+5}
   (You found it on level 3 of the Dungeon)

   It freezes those it strikes, dealing additional cold damage.
   It can also slow down cold-blooded creatures.
   Str:       It affects your strength (+3).
   Dex:       It affects your dexterity (+5).
   rCorr:     It protects you from acid and corrosion.
   Will:      It increases your willpower.
Missiles
 a - 49 stones
Jewellery
 f - a ring of ice
 p - a ring of ice
 t - an amulet of reflection (around mantle)
Wands
 n - a wand of flame (16)
 u - a wand of iceblast (13)
Scrolls
 i - a scroll of amnesia
 j - a scroll of magic mapping
 l - a scroll of vulnerability
 o - a scroll of noise {unknown}
 q - a scroll of poison {unknown}
 r - a scroll of enchant weapon {unknown}
Potions
 b - a potion of magic
 e - a potion of curing {@q1}
 h - 3 potions of brilliance {unknown}
 k - a potion of heal wounds {unknown}
 s - a potion of cancellation {unknown}


   Skills:
 - Level 2.0 Dodging
 + Level 3.0 Stealth
 - Level 3.0 Spellcasting
 + Level 2.2 Conjurations
 - Level 1.0 Transmutations
 + Level 1.5 Fire Magic
 - Level 3.4 Earth Magic


You had 4 spell levels left.
You knew the following spells:

 Your Spells              Type           Power      Damage    Failure   Level
a - Foxfire               Conj/Fire      36%        2x1d5     7%          1
b - Stone Arrow           Conj/Erth      26%        3d8       14%         3
c - Sandblast             Erth           30%        2d9       3%          1

Your spell library contained the following spells:

 Spells                   Type           Power      Damage    Failure   Level
 Passwall                 Tmut/Erth      9%         N/A       10%         2
 Conjure Flame            Conj/Fire      9%         6-21      22%         3
 Inner Flame              Hex/Fire       5%         N/A       32%         3
 Petrify                  Tmut/Erth      11%        N/A       52%         4
 Flame Wave               Conj/Fire      9%         2d5       56%         4


Dungeon Overview and Level Annotations

Branches:
Dungeon (5/15)
 Temple: D:4-7

Altars:
Gozag
Ru

Shops:
D:3 *

Annotations:
D:4 Blork the orc
D:5 Ijyb, Prince Ribbit


Innate Abilities, Weirdness & Mutations

You cannot wear most types of armour.
You are amphibious.
You can wear up to eight rings at the same time.
Your skin changes colour to match your surroundings (Stealth+).
Your rubbery body absorbs attacks. (AC +1, EV +1)
((You are camouflaged when in or above water. (Stealth+)))
You have tentacles for arms and can constrict up to eight enemies at once.


Message History

There is a stone staircase leading down here.
You start resting.
Magic restored.
You start resting.
HP restored.
You climb downwards.
Level annotation: Ijyb, Prince Ribbit
There is a stone staircase leading up here.
A wight comes into view. It is wielding a +1 dire flail.
The blast of sand hits the wight but does no damage.
A wight comes into view. It is wielding a +3 flail.
The blast of sand hits the wight.
The wight is moderately damaged.
There is a stone staircase leading up here.
You block the wight's attack.
You climb upwards.
Level annotation: Blork the orc
There is a stone staircase leading down here.
The blast of sand misses the wight.
The wight hits you with a +0 scimitar!
You are too injured to fight recklessly!
You are too injured to fight recklessly!
Casting: Sandblast (safe; 3% risk of failure)
Confirm with . or Enter, or press ? or * to list all spells.
Aiming: Sandblast (safe; 3% risk of failure)
Press: ? - help, Shift-Dir - straight line, f/p - wight
Aim: a wight, wielding a +0 scimitar and wearing a +0 robe (moderately damaged, 79% to hit)
The blast of sand hits the wight but does no damage.
The wight is moderately damaged.
The wight barely misses you.
Casting: Sandblast (safe; 3% risk of failure)
Confirm with . or Enter, or press ? or * to list all spells.
Aiming: Sandblast (safe; 3% risk of failure)
Press: ? - help, Shift-Dir - straight line, f/p - wight
Aim: a wight, wielding a +0 scimitar and wearing a +0 robe (moderately damaged, 79% to hit)
The blast of sand hits the wight but does no damage.
The wight is moderately damaged.
The wight hits you with a +0 scimitar!!
Ouch! That really hurt!
You die...
Your body crumbles into a pile of gold.

#..#.......#..#
####..#.......#..#
#.....#.......#..#
#.....####^####..#
#................#
#.....##########.#
#....)# #..#
.######.## ##.## $
......z@# #..#
.##.###.# #.## #.#
#.# #.# #.# #.#
##.# #.# #..# $
#.########.##
#..........###
..........#


You could see a wight.

Vanquished Creatures
  4 adders
  A dart slug (D:1)
  A worm (D:2)
  3 orcs (D:4)
  4 ball pythons
  8 bats
  7 endoplasms
  3 giant cockroaches
  7 goblins
  6 hobgoblins
  A quokka (D:1)
  A frilled lizard (D:3)
  5 kobolds
  3 rats
54 creatures vanquished.

Vanquished Creatures (others)
  120 foxfires
120 creatures vanquished.

Grand Total: 174 creatures vanquished

Notes
Turn   | Place    | Note
-------+----------+-------------------------------------------
     0 | D:1      | freelancePsychic the Octopode Earth Elementalist began the
                  | quest for the Orb.
     0 | D:1      | Reached XP level 1. HP: 11/11 MP: 3/3
   123 | D:1      | Reached XP level 2. HP: 10/17 MP: 1/5
   451 | D:1      | Reached skill level 1 in Conjurations
   541 | D:1      | Found a faded altar of an unknown god.
   745 | D:2      | Reached XP level 3. HP: 21/21 MP: 6/6
   778 | D:2      | Learned a level 3 spell: Stone Arrow
   877 | D:2      | Learned a level 1 spell: Foxfire
  1043 | D:2      | Found an opulent altar of Gozag.
  1051 | D:2      | Became a worshipper of Gozag Ym Sagoz the Greedy
  1527 | D:3      | Found Gozag's Platinum Reserve.
  1532 | D:3      | Found an opulent altar of Gozag.
  1537 | D:3      | Identified the +5 whip of Tumult {freeze, Will+ rCorr Str+3
                  | Dex+5}
  1971 | D:3      | Reached XP level 4. HP: 27/27 MP: 5/8
  2111 | D:3      | Reached skill level 1 in Fire Magic
  2242 | D:4      | Noticed an orc warrior
  2295 | D:4      | Identified the +0 helmet of the Ego {rElec Will- Dex+2}
  2571 | D:4      | Found a sacrificial altar of Ru.
  2841 | D:4      | Noticed Blork the orc
  2991 | D:4      | Noticed a necrophage
  3201 | D:5      | Entered Level 5 of the Dungeon
  3203 | D:5      | Noticed Prince Ribbit
  3204 | D:5      | Noticed a wraith
  3449 | D:5      | Noticed Ijyb
  3451 | D:5      | Noticed an ogre
  3648 | D:4      | Slain by a wight

Illustrated notes

Levels and vault maps discovered:
D:1:      lemuel_arrival_river_passageway, layout_rooms,
          ebering_ecumenical_altar_abandoned
D:2:      layout_loops_ring, basic_altar
D:3:      layout_rooms, nicolae_gozag_zags_fifth_avenue
D:4:      layout_basic, lemuel_tele_altar, gammafunk_ghost_cemetery,
          uniq_blork_the_orc
D:5:      layout_cave_pools, minmay_temple_entry_ruins, uniq_ijyb,
          uniq_prince_ribbit1

Skill      XL: |  1  2  3  4 |
---------------+-------------+-----
Conjurations   | 1 2 |  2.2
Fire Magic     | 1 |  1.5
Spellcasting   | 3 |  3.0
Stealth        | 3 |  3.0
Dodging        | |  2.0
Transmutations | |  1.0
Earth Magic    | |  3.4

Action                   |  1- 3 |  4- 6 || total
-------------------------+-------+-------++-------
Melee: Mace              |    15 |       ||    15
       Constrict         |     9 |     1 ||    10
       Tentacles         |     5 |       ||     5
       Dagger            |    19 |       ||    19
       Punch             |     1 |       ||     1
       Whip              |     2 |     5 ||     7
 Cast: Sandblast         |     6 |     7 ||    13
       Foxfire           |    29 |    40 ||    69
  Use: Scroll            |     5 |     3 ||     8
       Potion            |       |     1 ||     1
 Stab: Sleeping          |     7 |       ||     7
Armor: Skin              |     4 |     1 ||     5
Dodge: Dodged            |    15 |    18 ||    33
Block: Other             |       |     5 ||     5

Table legend: (Time is in decaauts)
 A = Elapsed time spent in this place.
 B = Non-inter-level travel time spent in this place.
 C = Inter-level travel time spent in this place.
 D = Time resting spent in this place.
 E = Time spent auto-exploring this place.
 F = Levels seen in this place.
 G = Mean time per level.
                   A        B        C        D        E       F      G
               +--------+--------+--------+--------+--------+-----+--------+
         Total |   3657 |   3474 |    183 |    476 |   2294 |   5 |  731.4 |
       Dungeon |   3657 |   3474 |    183 |    476 |   2294 |   5 |  731.4 |
               +--------+--------+--------+--------+--------+-----+--------+

Top non-repeatable levels by time:
     D:3: 1098 daAuts
     D:4: 880 daAuts
     D:1: 739 daAuts
     D:2: 658 daAuts
     D:5: 281 daAuts
